 Dungeon Crawl Stone Soup version 0.26.1-2-gb8aa6d0cf2 (webtiles) character file.

Game seed: 9860488635839645212

3714 H0rd4k the Carver (level 10, -4/74 HPs)
             Began as a Human Artificer on Mar 18, 2021.
             Was an Initiate of Gozag.
             Killed from afar by a fire dragon (75 damage)
             ... with a blast of flame
             ... on level 9 of the Dungeon.
             The game lasted 00:16:26 (14500 turns).

H0rd4k the Carver (Human Artificer)                Turns: 14500, Time: 00:16:28

Health: -4/74      AC:  7    Str: 15    XL:     10   Next: 36%
Magic:  10/10      EV: 16    Int: 13    God:    Gozag
Gold:   969        SH:  0    Dex: 21    Spells: 9/9 levels left

rFire    . . .     SeeInvis .   s - +4 falchion
rCold    + . .     Faith    .   (no shield)
rNeg     . . .     Spirit   .   F - +2 robe of Brilliance {Harm rElec Will- Dex+8}
rPois    .         Reflect  .   (no helmet)
rElec    +         Harm     +   (no cloak)
rCorr    .         Rampage  .   D - +2 pair of gloves
Will     .....                  (no boots)
Stlth    +++.......             r - amulet of the acrobat
HPRegen  0.22/turn              x - ring of protection from cold
MPRegen  0.12/turn              (no ring)

@: gold aura
A: no striking features
a: Renounce Religion, Potion Petition, Call Merchant, Bribe Branch


You were on level 9 of the Dungeon.
You worshipped Gozag.
Gozag was pleased with you.
You visited 2 branches of the dungeon, and saw 10 of its levels.

You collected 1113 gold pieces.
You paid 144 gold pieces to Gozag.

Inventory:

Hand Weapons
 i - a +0 long sword of flaming
 l - a +1 short sword of protection
 s - a +4 falchion (weapon)
 v - a +1 long sword of holy wrath
Missiles
 f - 33 poisoned darts
Armour
 D - a +2 pair of gloves (worn)
 F - the +2 robe of Brilliance (worn) {Harm rElec Will- Dex+8}
   (You found it on level 8 of the Dungeon)

   It affects your dexterity (+8).
   It insulates you from electricity.
   It affects your willpower, your defense against some magical effects.
   It increases damage dealt and taken.
Jewellery
 j - the ring of Vyifelicw {+Inv rN++ Int-2 Dex-3 SInv, unknown}
   (You found it on level 8 of the Dungeon)

   [ring of see invisible]

   It affects your intelligence (-2).
   It affects your dexterity (-3).
   It greatly protects you from negative energy.
   It lets you see invisible.
   It lets you turn invisible.
 n - an uncursed amulet of guardian spirit
 r - an amulet of the acrobat (around neck)
 x - a ring of protection from cold (left hand)
Wands
 d - a wand of enslavement (1)
 e - a wand of random effects (15)
 q - a wand of disintegration (5)
 w - a wand of paralysis (1)
Scrolls
 a - 5 scrolls of teleportation {unknown}
 b - a scroll of enchant armour {unknown}
 g - 8 scrolls of identify
 h - 3 scrolls of amnesia
 m - a scroll of acquirement {unknown}
 o - a scroll of noise {unknown}
 p - a scroll of blinking {unknown}
 y - 3 scrolls of magic mapping {unknown}
 z - 5 scrolls of remove curse
 A - a scroll of brand weapon {unknown}
 C - a scroll of vulnerability {unknown}
 E - a scroll of fog {unknown}
Potions
 c - a potion of heal wounds
 k - 4 potions of attraction
 t - a potion of resistance
 u - a potion of berserk rage {unknown}
 B - 2 potions of brilliance {unknown}
 G - a potion of flight {unknown}
 H - a potion of mutation {unknown}


   Skills:
 + Level 5.2 Fighting
 + Level 3.6(6.4) Short Blades
 + Level 8.3(8.7) Long Blades
 + Level 5.0 Armour
 + Level 5.1 Dodging
 + Level 5.8 Stealth
 + Level 4.7 Evocations


You had 9 spell levels left.
You didn't know any spells.
Your spell library contained the following spells:

 Spells                   Type           Power        Failure   Level
 Freeze                   Ice            0%           30%         1
 Magic Dart               Conj           0%           30%         1
 Searing Ray              Conj           0%           43%         2
 Dazzling Flash           Conj/Hex       0%           67%         3
 Fulminant Prism          Conj/Hex       0%           97%         4
 Iskenderun's Mystic Bla  Conj/Tloc      0%           97%         4


Dungeon Overview and Level Annotations

Branches:
Dungeon (9/15)             Temple (1/1) D:6            Lair (0/6) D:9
    Orc: D:9-12

Altars:
Dithmenos
Gozag
Hepliaklqana
Kikubaaqudgha
Makhleb
Okawaru
Qazlal
Ru
Sif Muna
Trog
Vehumet
Xom
Zin

Annotations:
D:3 3 runed translucent doors, exclusion: 3 doors, candy's ghost, amateur MiBe
D:5 exclusion: downstairs
D:7 2 transporters, exclusion: downstairs, dracomuter's ghost, novice DrAE
D:8 exclusion: downstairs, Maurice
D:9 exclusion: fire dragon


Message History

The fire dragon bites your steam dragon!!
The fire dragon completely misses your steam dragon.
The fire dragon tramples your steam dragon.
Your steam dragon holds its ground!
Things that are here:
22 gold pieces; a +0 falchion Your steam dragon bites the fire dragon but does no damage.
Your steam dragon claws the fire dragon but does no damage.
The fire dragon barely misses your steam dragon.
The fire dragon claws your steam dragon!
Your steam dragon dies!
Aiming: Disintegrate
Press: ? - help, Shift-Dir - straight line, f - fire dragon
Aim: a fire dragon (lightly wounded, chance to affect: 50%)
The fire dragon resists with some effort.
The fire dragon breathes flames at you. The blast of flame hits you!!!
Ouch! That really hurt!
You die...
Your body crumbles into a pile of gold.

...#. ..#.
.#§ ##§§ $
.§D #$## $
#..#
......#$#
..... #@#
......#.#####
#$.#..?.....#
## #........#
#...)......#
###.......<#
#.$.>....#
##########


You could see a fire dragon (catching breath).

Vanquished Creatures
  Maggie (D:6)
  A wyvern (D:8)
  Menkaure (D:7)
  5 orc warriors
  An ice beast (D:6)
  3 sky beasts
  A black bear (D:7)
  An ogre (D:7)
  2 centaurs
  2 big kobolds
  5 bullfrogs
  A gnoll sergeant (D:6)
  A water moccasin zombie (D:7)
  2 scorpions
  A water moccasin skeleton (D:7)
  2 wights (D:7)
  6 howler monkeys
  4 hounds
  A jelly (D:5)
  An orc priest (D:2)
  3 iguanas
  5 orc wizards
  6 worker ants
  4 worker ant zombies
  11 gnolls
  10 adders
  A white imp (D:5)
  2 ufetubi
  3 adder zombies (D:7)
  6 worms
  2 dart slugs
  6 leopard geckos
  28 orcs
  5 bats
  8 giant cockroaches
  4 goblins (D:1)
  12 hobgoblins
  2 jackals (D:8)
  2 quokkas
  2 ball pythons
  4 frilled lizards
  A jackal skeleton (D:7)
  14 kobolds
  2 leopard gecko zombies
  A quokka zombie (D:6)
  3 rats (D:2)
189 creatures vanquished.

Vanquished Creatures (collateral kills)
  A white imp (D:3)
  An orc (D:4)
  3 kobolds (D:7)
5 creatures vanquished.

Vanquished Creatures (others)
  A steam dragon (D:9)
  An ogre (D:7)
  A wight (D:7)
  A worm (D:2)
  A leopard gecko (D:1)
5 creatures vanquished.

Grand Total: 199 creatures vanquished

Notes
Turn   | Place    | Note
-------+----------+-------------------------------------------
     0 | D:1      | H0rd4k the Human Artificer began the quest for the Orb.
     0 | D:1      | Reached XP level 1. HP: 15/15 MP: 1/1
   184 | D:1      | Reached XP level 2. HP: 7/21 MP: 2/2
   420 | D:1      | HP: 1/21 [leopard gecko (4)]
   444 | D:1      | You fall into a shaft and drop 1 floor!
   712 | D:2      | Found a burning altar of Makhleb.
   722 | D:2      | Noticed a blizzard demon
   725 | D:2      | Found a glowing silver altar of Zin.
   725 | D:2      | Noticed an angel
   791 | D:2      | Found a shimmering altar of Xom.
   813 | D:1      | Reached XP level 3. HP: 6/26 MP: 3/3
  1831 | D:2      | Reached XP level 4. HP: 31/32 MP: 4/4
  1926 | D:2      | Reached skill level 1 in Short Blades
  2649 | D:2      | Reached XP level 5. HP: 30/37 MP: 5/5
  3945 | D:3      | Reached XP level 6. HP: 42/44 MP: 6/6
  3991 | D:3      | Found a shimmering blue altar of Sif Muna.
  4216 | D:3      | Found a runed translucent gate.
  4217 | D:3      | Noticed candy's ghost (amateur MiBe)
  4219 | D:3      | Found a runed translucent gate.
  4219 | D:3      | Found a runed translucent gate.
  4245 | D:3      | Identified Sif Muna's Compendium of Ice
  4251 | D:3      | Found a bloodstained altar of Trog.
  5223 | D:4      | Reached skill level 1 in Long Blades
  5384 | D:4      | You fall into a shaft and drop 1 floor!
  5384 | D:5      | Entered Level 5 of the Dungeon
  5389 | D:5      | Reached XP level 7. HP: 42/50 MP: 7/7
  6200 | D:4      | Reached skill level 2 in Long Blades
  7508 | D:5      | Reached skill level 3 in Long Blades
  8038 | D:6      | Noticed Maggie
  8048 | D:6      | Killed Maggie
  8049 | D:6      | Reached skill level 4 in Long Blades
  8049 | D:6      | Reached XP level 8. HP: 16/57 MP: 8/8
  8274 | D:6      | Found a staircase to the Ecumenical Temple.
  8953 | D:6      | Reached skill level 5 in Long Blades
  9844 | D:6      | Reached XP level 9. HP: 48/64 MP: 9/9
  9940 | D:6      | Found a hazy altar of Hepliaklqana.
 10046 | D:6      | Found a stormy altar of Qazlal.
 10484 | Temple   | Entered the Ecumenical Temple
 10502 | Temple   | Became a worshipper of Gozag Ym Sagoz the Greedy
 10734 | D:7      | Noticed Menkaure
 10738 | D:7      | Killed Menkaure
 10739 | D:7      | Reached skill level 6 in Long Blades
 10956 | D:7      | Found a transporter.
 10964 | D:7      | Noticed dracomuter's ghost (novice DrAE)
 10969 | D:7      | Found a transporter.
 10972 | D:7      | Identified the +1 great mace "Qukk" {vorpal, Int+7 Dex-2}
 10972 | D:7      | Noticed a two-headed ogre
 11987 | D:7      | Reached skill level 7 in Long Blades
 12118 | D:7      | Reached skill level 5 in Stealth
 12248 | D:7      | Reached XP level 10. HP: 73/73 MP: 10/10
 12593 | D:7      | Found an iron altar of Okawaru.
 12870 | D:8      | Found a shadowy altar of Dithmenos.
 13148 | D:8      | Got a dull robe
 13159 | D:8      | Identified the +2 robe of Brilliance {Harm rElec Will-
                  | Dex+8} (You found it on level 8 of the Dungeon)
 13572 | D:8      | Reached skill level 5 in Fighting
 13648 | D:8      | Reached skill level 8 in Long Blades
 13946 | D:8      | Got a transparent silver ring
 14122 | D:8      | Reached skill level 5 in Dodging
 14128 | D:8      | Reached skill level 5 in Armour
 14369 | D:8      | Noticed Maurice
 14414 | D:9      | Found a staircase to the Lair.
 14414 | D:9      | Noticed a fire dragon
 14500 | D:9      | Killed from afar by a fire dragon

Illustrated notes

Levels and vault maps discovered:
D:1:      nzn_arrival_settlement, layout_loops_ring, minmay_split_cup_large
D:2:      cheibrodos_pilgrimage, layout_basic,
          grunt_temple_overflow_order_and_chaos_2, xom_butterflies,
          minmay_heptomino_l4
D:3:      layout_basic, nzn_overflow_gifts_of_might_and_magic,
          gammafunk_ghost_nasty_kobolds, minmay_hedge_maze
D:4:      layout_basic, hangedman_decor_growths
D:5:      layout_gridville
D:6:      layout_cave_pools, nzn_hepliaklqana_mist_gate, temple_fountains,
          grunt_qazlal_sundering, uniq_maggie
D:7:      minmay_slanted_spiral_squares, layout_cave_pools, marbit_many_paths,
          gammafunk_ghost_smash, uniq_menkaure
D:8:      layout_gridville, grunt_dithmenos_smoke, kennysheep_nondescript,
          uniq_maurice
D:9:      layout_rooms, nicolae_tso_swordbearing_angel, minmay_lair_entry_lava
Temple:   dshaligram_water_room_temple

Skill      XL: |  1  2  3  4  5  6  7  8  9 10 |
---------------+-------------------------------+-----
Short Blades   | 2 3 |  3.6
Dodging        | 2 3 4 5 |  5.1
Evocations     | 4 |  4.7
Long Blades    | 1 4 5 7 8 |  8.3
Armour         | 3 4 5 |  5.0
Fighting       | 2 3 4 5 |  5.2
Stealth        | 2 3 5 |  5.8

Action                   |  1- 3 |  4- 6 |  7- 9 | 10-12 || total
-------------------------+-------+-------+-------+-------++-------
Melee: Club              |    22 |       |       |       ||    22
       Short sword       |    43 |   206 |       |       ||   249
       Rapier            |    38 |       |       |       ||    38
       Falchion          |       |    49 |   330 |   145 ||   524
Evoke: Wand              |    10 |    10 |    25 |     3 ||    48
  Use: Scroll            |     2 |       |     8 |       ||    10
       Potion            |       |       |     2 |       ||     2
 Stab: Sleeping          |       |     3 |     4 |     7 ||    14
       Paralysed         |       |       |    30 |       ||    30
       Distracted        |       |       |       |     2 ||     2
Armor: Leather armour    |    27 |    93 |    61 |     8 ||   189
       Robe              |       |       |       |    14 ||    14
Dodge: Dodged            |    86 |   140 |   221 |   105 ||   552
       Rpst.: Falchion   |       |     9 |    58 |    23 ||    90
